AoeStats
← Babuali

Arena

510173626Analyzed
2v2 RM · 2d ago on Sep 29, 2026· 52m 13s· 4 players
Game mode
Random Map
Map size
Medium (4 player)
Population
200
Speed
Normal
Resources
Standard
Victory
Conquest
Starting age
Dark Age
Ending age
Imperial Age
RankedLock teamsTeams togetherTeam positionsShared explorationLock speedFull tech treeHidden civsTurbo modeCheats
Victory
Defeat
🇧🇷 Japanese · Brazil
1112
+16
🇧🇷 Saxons · Brazil
1109
+16
🇹🇷 Teutons · Türkiye
1109
-16
🇹🇷 Italians · Türkiye
1102
-16
Babuali
2:22 Loom
11:45 Feudal Age
12:50 Double-Bit Axe
17:06 Castle Age
14:57 Horse Collar
17:42 Wheelbarrow
18:33 Heavy Plow
27:28 Gold Mining
28:55 Fletching
29:06 Padded Archer Armor
29:34 Stone Mining
32:01 Bow Saw
34:49 Imperial Age
32:07 Town Watch
32:39 Hand Cart
32:43 Bodkin Arrow
33:03 Leather Archer Armor
33:38 Town Patrol
33:53 Forging
33:43 Scale Mail Armor
33:49 Scale Barding Armor
34:44 Ballistics
35:50 Stone Shaft Mining
35:52 Conscription
35:08 Elite Genoese Crossbowman
37:13 Ring Archer Armor
36:43 Bracer
38:23 Chemistry
38:06 Chain Barding Armor
38:22 Iron Casting
38:02 Chain Mail Armor
39:06 Two-Man Saw
38:38 Crop Rotation
38:03 Light Cavalry
38:54 Bloodlines
38:45 Husbandry
47:49 Hussar
osays59
11:40 Feudal Age
12:14 Double-Bit Axe
19:54 Castle Age
20:39 Wheelbarrow
22:01 Bow Saw
22:20 Horse Collar
23:04 Heavy Plow
26:10 Padded Archer Armor
26:01 Fletching
26:27 Crossbowman
27:45 Town Watch
28:25 Bodkin Arrow
28:46 Leather Archer Armor
29:43 Ballistics
29:31 Gold Mining
34:18 Imperial Age
32:19 Scale Barding Armor
32:25 Forging
32:16 Scale Mail Armor
32:10 Elite Skirmisher
34:01 Masonry
34:50 Iron Casting
34:52 Fortified Wall
36:16 Chemistry
36:11 Conscription
36:48 Ring Archer Armor
37:06 Chain Mail Armor
38:36 Blast Furnace
38:32 Cavalier
39:13 Man-at-Arms
41:07 Long Swordsman
43:02 Two-Handed Swordsman
45:58 Plate Mail Armor
46:32 Gambesons
kaitosama
12:09 Feudal Age
15:43 Castle Age
13:57 Double-Bit Axe
14:22 Horse Collar
14:42 Gold Mining
16:58 Bow Saw
22:30 Scale Mail Armor
29:02 Heavy Plow
34:17 Imperial Age
33:04 Ballistics
32:55 Fortified Wall
32:43 Fletching
34:47 Wheelbarrow
33:57 Town Watch
33:58 Loom
33:53 Elite Skirmisher
35:04 Bodkin Arrow
36:12 Chemistry
34:48 Capped Ram
36:13 Hand Cart
36:47 Bracer
36:47 Padded Archer Armor
37:56 Conscription
37:58 Chain Mail Armor
37:54 Forging
38:49 Two-Man Saw
37:50 Treadmill Crane
41:06 Kataparuto
42:17 Squires
42:49 Pikeman
43:21 Man-at-Arms
44:12 Long Swordsman
44:38 Gambesons
44:39 Arson
45:50 Two-Handed Swordsman
47:25 Elite Samurai
47:29 Champion
48:18 Thumb Ring
50:50 Leather Archer Armor
51:07 Plate Mail Armor
51:13 Iron Casting
Perfect Storm
11:31 Feudal Age
13:00 Double-Bit Axe
15:26 Castle Age
13:55 Horse Collar
16:41 Bow Saw
16:32 Heavy Plow
22:11 Wheelbarrow
22:12 Gold Mining
25:30 Hand Cart
27:51 Imperial Age
25:24 Scale Mail Armor
25:24 Fletching
26:30 Bodkin Arrow
27:22 Padded Archer Armor
27:53 Thumb Ring
27:49 Stone Mining
27:47 Loom
27:47 Town Watch
28:19 Leather Archer Armor
28:42 Ballistics
28:34 Fortified Wall
30:03 Two-Man Saw
28:30 Cranequins
29:12 Bracer
30:19 Chemistry
30:25 Ring Archer Armor
30:07 Bloodlines
29:57 Husbandry
30:12 Husbandry
31:12 Heavy Mounted Crossbowman
32:06 Masonry
33:04 Chain Mail Armor
32:32 Pikeman
33:13 Squires
32:59 Gambesons
33:27 Forging
34:25 Plate Mail Armor
33:42 Arson
36:24 Iron Casting
35:48 Murder Holes
35:59 Elite Varangian Guard
36:07 Halberdier
37:21 Architecture
36:32 Treadmill Crane
37:32 Crop Rotation
37:43 Gold Shaft Mining
37:09 Town Patrol
41:01 Siege Engineers
43:38 Guard Tower
43:34 Arrowslits
45:33 Keep
50:48 Elite Skirmisher
Connection lost

Rejoining the realm…

Still unreachable

The connection could not be restored.

Session expired

The server has moved on; the page needs a fresh start.